 Dungeon Crawl Stone Soup version 0.25-b1-50-g7b83aa72e5 (webtiles) character file.

Game seed: 502915699132352122

156 nikku the Firebug (level 5, 0/37 HPs)
             Began as a Demonspawn Fire Elementalist on June 12, 2020.
             Slain by a slave (5 damage)
             ... led by Pikel
             ... on level 4 of the Dungeon.
             The game lasted 00:19:42 (3219 turns).

nikku the Firebug (Demonspawn Fire Elementalist)    Turns: 3219, Time: 00:19:43

Health: 0/37       AC:  8    Str:  8    XL:     5   Next: 15%
Magic:  3/9        EV: 13    Int: 18    God:
Gold:   88         SH:  0    Dex: 13    Spells: 6/10 levels left

rFire    . . .     SeeInvis .   j - +0 hunting sling (curse)
rCold    . . .     Gourm    .   (no shield)
rNeg     . . .     Faith    .   a - +1 robe
rPois    .         Spirit   .   d - +1 helmet
rElec    .         Reflect  .   (no cloak)
rCorr    .         Harm     .   (no gloves)
MR       .....                  (no boots)
Stlth    ++........             (no amulet)
HPRegen  0.12/turn              (no ring)
MPRegen  0.11/turn              (no ring)

@: brilliant, about to teleport
A: hooves 1, yellow scales 2
a: no special abilities


You were on level 4 of the Dungeon.
You were hungry.

You visited 1 branch of the dungeon, and saw 4 of its levels.

You collected 88 gold pieces.

Inventory:

Hand Weapons
 f - a +0 short sword
 j - a cursed +0 hunting sling (weapon)
Missiles
 k - 80 stones (quivered)
 q - 7 poisoned darts
Armour
 a - a +1 robe (worn)
 d - a +1 helmet (worn)
Magical Staves
 r - an uncursed staff of poison {unknown}
Scrolls
 o - 3 scrolls of teleportation
Potions
 b - 2 potions of haste
 e - a potion of curing {unknown}
 h - 2 potions of flight {unknown}
 l - a potion of might {unknown}
 m - a potion of ambrosia {unknown}
 n - 3 potions of lignification {unknown}
 p - a potion of magic {unknown}
Comestibles
 c - 3 rations


   Skills:
 + Level 1.5 Fighting
 + Level 2.5 Dodging
 - Level 1.8 Stealth
 * Level 3.2 Spellcasting
 + Level 2.1 Conjurations
 + Level 3.3 Fire Magic


You had 6 spell levels left.
You knew the following spells:

 Your Spells              Type           Power        Failure   Level  Hunger
a - Foxfire               Conj/Fire      ###.         5%          1    None
b - Inner Flame           Hex/Fire       ##......     24%         3    None

Your spell library contained the following spells:

 Spells                   Type           Power        Failure   Level  Hunger
 Conjure Flame            Conj/Fire      ###.....     16%         3    None
 Sticky Flame             Conj/Fire      ###.....     45%         4    None
 Fireball                 Conj/Fire      ###.......   82%         5    None


Dungeon Overview and Level Annotations

Branches:
Dungeon (4/15)
 Temple: D:4-7

Altars:
Ashenzari

Annotations:
D:3 Sigmund
D:4 Pikel


Innate Abilities, Weirdness & Mutations

You have large cloven feet.
You are mostly covered in yellow scales. (AC +3)


Message History

[Y]es or [N]o only, please.
Really attack while wielding your cursed +0 hunting sling?
Okay, then.
The slave closely misses you. The hound closely misses you.
The hound barely misses you. The hound bites you but does no damage.
As you read the scroll of teleportation, it crumbles to dust.
You feel strangely unstable. The hound bites you.
* * * LOW HITPOINT WARNING * * *
The slave hits you but does no damage.
You are too injured to fight recklessly!
Firing (i - inventory. (/) - cycle)
k - 81 stones (quivered)
Press: ? - help, Shift-Dir - straight line, f - hound
Aim: a hound You shoot a stone.
The stone closely misses the hound.
The stone hits the slave but does no damage.
The hound bites you but does no damage. The hound closely misses you.
The slave hits you.
You die...

##.......#
#..##.#..#
##..#.....#
#........#
##p#.#.....#
#.......##
#....#######
#...#####
#.####### ##.##
#.......# #.#
#..####.# #p#
#..#....###### #.#
#...)<..Kph@.# #.#
##.#...p####p###.#
#.####.# #.%...#
#.K....# #######
########


You could see Pikel, 3 slaves and a hound.

Vanquished Creatures
  2 worker ants (D:4)
  5 adders
  4 worms
  A dart slug (D:1)
  2 leopard geckos
  An orc (D:4)
  10 goblins
  3 hobgoblins
  2 jackals (D:1)
  7 kobolds
  3 quokkas
  5 bats
  2 frilled lizards
  A leopard gecko skeleton (D:4)
  4 rats
52 creatures vanquished.

Vanquished Creatures (collateral kills)
  A ball python (D:3)
1 creature vanquished.

Vanquished Creatures (others)
  196 foxfires
196 creatures vanquished.

Grand Total: 249 creatures vanquished

Notes
Turn   | Place    | Note
-------+----------+-------------------------------------------
     0 | D:1      | nikku the Demonspawn Fire Elementalist began the quest for
                  | the Orb.
     0 | D:1      | Reached XP level 1. HP: 13/13 MP: 3/3
   640 | D:1      | Gained mutation: You are partially covered in yellow
                  | scales. (AC +2) [demonic ancestry]
   640 | D:1      | Reached XP level 2. HP: 19/19 MP: 3/5
  1182 | D:1      | You fall into a shaft and drop 1 floor!
  1249 | D:2      | Gained mutation: You are mostly covered in yellow scales.
                  | (AC +3) [demonic ancestry]
  1249 | D:2      | Reached XP level 3. HP: 25/25 MP: 3/6
  1742 | D:2      | Learned a level 3 spell: Inner Flame
  2070 | D:3      | Reached skill level 1 in Fighting
  2070 | D:3      | Gained mutation: You have large cloven feet. [demonic
                  | ancestry]
  2070 | D:3      | Reached XP level 4. HP: 32/32 MP: 5/8
  2730 | D:3      | Noticed Sigmund
  2996 | D:4      | Reached XP level 5. HP: 36/37 MP: 0/9
  3106 | D:4      | Noticed a slave
  3106 | D:4      | Noticed a slave
  3106 | D:4      | Noticed a slave
  3106 | D:4      | Noticed Pikel
  3108 | D:4      | Noticed a slave
  3169 | D:4      | Found a shattered altar of Ashenzari.
  3219 | D:4      | Slain by a slave

Illustrated notes

Levels and vault maps discovered:
D:1:      kilobyte_arrival_exit_the_forest, layout_basic
D:2:      layout_rooms
D:3:      layout_loops_ring, minivault_19, minmay_box_of_dots, uniq_sigmund
D:4:      minmay_chambers_of_threes, layout_loops_cross, kennysheep_little_box,
          first_ration, uniq_pikel

Skill      XL: |  1  2  3  4 |
---------------+-------------+-----
Dodging        | 2 |  2.5
Fire Magic     | 3 |  3.3
Fighting       | 1 |  1.5
Spellcasting   | 3 |  3.2
Conjurations   | 2 |  2.1
Stealth        | |  1.8

Action                   |  1- 3 |  4- 6 || total
-------------------------+-------+-------++-------
 Fire: Hunting sling     |    10 |    23 ||    33
 Cast: Foxfire           |    71 |    63 ||   134
  Use: Scroll            |     7 |     4 ||    11
       Potion            |       |     2 ||     2
  Eat: Chunk             |     4 |     3 ||     7
Armor: Robe              |     8 |    24 ||    32
Dodge: Dodged            |    15 |    42 ||    57
